 Dungeon Crawl Stone Soup version 0.25-a0-479-g8579842fd4 (webtiles) character file.

Game seed: 7331380049144301499, levelgen mode: deterministic

1925 kae the Martial Artist (level 8, -15/59 HPs)
             Began as a Grey Draconian Transmuter on Feb 9, 2020.
             Was a Follower of Uskayaw.
             Demolished by an ogre
             ... wielding a +0 giant club
              (26 damage)
             ... on level 7 of the Dungeon.
             The game lasted 00:07:23 (8210 turns).

kae the Martial Artist (Grey Draconian Transmuter)  Turns: 8210, Time: 00:07:24

Health: -15/59     AC: 13    Str: 18    XL:     8   Next: 96%
Magic:  11/12      EV: 12    Int: 13    God:    Uskayaw [*.....]
Gold:   330        SH:  0    Dex: 14    Spells: 2/13 levels left

rFire    + . .     SeeInvis .     - Unarmed
rCold    . . .     Gourm    .   (no shield)
rNeg     . . .     Faith    .   (armour unavailable)
rPois    .         Spirit   .   (helmet restricted)
rElec    .         Reflect  .   u - scarf {repulsion}
rCorr    .         Harm     .   (no gloves)
MR       .....                  m - +1 pair of boots
Stlth    +.........             (no amulet)
HPRegen  0.19/turn              r - ring of protection from fire
MPRegen  0.13/turn              k - +5 ring of strength

@: about to teleport, appendage, repel missiles
A: walk through water, unfitting armour, horns 2, unbreathing, cold-blooded, AC
+11
a: End Transformation, Stomp, Renounce Religion


You were on level 7 of the Dungeon.
You worshipped Uskayaw.
Uskayaw was noncommittal.
You were not hungry.
You had grown temporary horns.
You visited 2 branches of the dungeon, and saw 8 of its levels.

You collected 330 gold pieces.

Inventory:

Missiles
 a - 116 arrows
Armour
 m - a +1 pair of boots (worn)
 u - a scarf of repulsion (worn)
Jewellery
 k - a +5 ring of strength (right hand)
 r - a ring of protection from fire (left hand)
Wands
 i - a wand of polymorph (5)
 x - a wand of flame (21)
 y - a wand of iceblast (8)
Scrolls
 e - 3 scrolls of noise
 h - a scroll of fear
 l - a scroll of teleportation
 q - a scroll of fog
 s - a scroll of enchant armour
 t - a scroll of blinking
 v - a scroll of remove curse
Potions
 b - 2 potions of curing
 d - a potion of lignification
 f - 2 potions of resistance
 g - a potion of degeneration
 n - 2 potions of heal wounds
 o - a potion of invisibility
 p - a potion of cancellation
 w - a potion of brilliance {unknown}
Comestibles
 c - 15 rations
 j - 8 chunks of flesh


   Skills:
 - Level 1.1 Fighting
 - Level 1.7 Dodging
 * Level 9.8 Unarmed Combat
 - Level 3.0 Spellcasting
 + Level 6.8 Transmutations


You had 2 spell levels left.
You knew the following spells:

 Your Spells              Type           Power        Failure   Level  Hunger
a - Beastly Appendage     Tmut           ###...       1%          1    #......
b - Sticks to Snakes      Tmut           ###.....     1%          2    ###....
c - Spider Form           Tmut/Pois      ##........   17%         3    ###....
d - Blade Hands           Tmut           ###.......   36%         5    ######.

Your spell library contained the following spells:

 Spells                   Type           Power        Failure   Level  Hunger
 Magic Dart               Conj           #...         22%         1    #......
 Blink                    Tloc           N/A          34%         2    ###....
 Call Imp                 Summ           #.......     34%         2    ###....
 Slow                     Hex            #.......     34%         2    ###....
 Ice Form                 Ice/Tmut       ##......     50%         4    #####..
 Conjure Flame            Conj/Fire      #.......     56%         3    ###....
 Mephitic Cloud           Conj/Pois/Air  #.......     56%         3    ###....


Dungeon Overview and Level Annotations

Branches:
Dungeon (7/15)             Temple (1/1) D:5

Altars:
Ashenzari
Cheibriados
Dithmenos
Elyvilon
Fedhas
Gozag
Hepliaklqana
Kikubaaqudgha
Makhleb
Nemelex Xobeh
Okawaru
Qazlal
Ru
Sif Muna
Trog
Uskayaw
Vehumet
Wu Jian
Xom
Yredelemnul
Zin
The Shining One

Shops:
D:4 *

Annotations:
D:6 1 runed translucent door, Borgoz's ghost, novice GrBe
D:7 Menkaure


Innate Abilities, Weirdness & Mutations

You can walk through water.
Your dull iron-grey scales are very hard. (AC +11)
You cannot fit into any form of body armour.
You can survive without breathing.
You are cold-blooded and may be slowed by cold attacks.
You have a pair of horns on your head.


Message History

Menkaure shouts!
Menkaure mumbles some strange words.
Menkaure seems to speed up.
Casting: Spider Form (safe; 17% risk of failure)
Confirm with . or Enter, or press ? or * to list all spells.
You grow a pair of large bovine horns.
The ogre hits you with a +0 giant club!!
Menkaure calls on the powers of darkness!
The ogre convulses!
Your body is wracked with pain!
The orc convulses! x4
The ogre misses you. The orc barely misses you.
The orc hits you but does no damage.
There is a stone staircase leading up here.
Okay, then.
As you read the scroll of teleportation, it crumbles to dust.
You feel strangely unstable.
Menkaure's bandages flutter.
Menkaure hits you!
* * * LOW HITPOINT WARNING * * *
The ogre hits you with a +0 giant club!!
You die...

#.# #.# .(.. #.# ....
#.## .....
#############... ......
........).)(.... ......
#######.#####..#
......#########.###.....
.....oo@...##.......###.
......MoO......###### ##
......o.......)# #
..............## #
.............## #
##...........# #
#..#...[[....##
#.###........... ..
#..>......####


You could see an ogre, Menkaure and 4 orcs.

Vanquished Creatures
  A hippogriff (D:7)
  An orc warrior (D:7)
  A phantom (D:5)
  A sky beast (D:6)
  3 ogres
  2 centaurs
  A bullfrog (D:7)
  A gnoll sergeant (D:7)
  2 scorpions
  A howler monkey (D:7)
  2 crimson imps
  A bullfrog zombie (D:6)
  A centaur zombie (D:6)
  A hound (D:4)
  5 orc priests
  2 orc wizards
  An iguana (D:5)
  3 worker ants (D:6)
  A hound zombie (D:5)
  7 gnolls
  13 adders
  2 oozes (D:3)
  A worm (D:2)
  3 dart slugs (D:1)
  4 leopard geckos
  17 orcs
  2 ball pythons
  12 bats
  4 giant cockroaches
  14 goblins
  7 hobgoblins
  10 jackals
  9 kobolds
  4 quokkas
  3 frilled lizards
  A giant cockroach zombie (D:6)
  A quokka skeleton (D:4)
  8 rats
153 creatures vanquished.

Vanquished Creatures (collateral kills)
  An adder (D:2)
  A giant cockroach (D:2)
  2 rats (D:2)
4 creatures vanquished.

Vanquished Creatures (others)
  2 withered plants (D:6)
2 creatures vanquished.

Grand Total: 159 creatures vanquished

Notes
Turn   | Place    | Note
-------+----------+-------------------------------------------
     0 | D:1      | kae the Draconian Transmuter began the quest for the Orb.
     0 | D:1      | Reached XP level 1. HP: 16/16 MP: 3/3
   164 | D:1      | Reached XP level 2. HP: 8/23 MP: 3/5
   643 | D:1      | Reached XP level 3. HP: 25/28 MP: 6/6
   647 | D:1      | Learned a level 2 spell: Sticks to Snakes
   651 | D:1      | Learned a level 3 spell: Spider Form
  1543 | D:2      | Reached XP level 4. HP: 23/35 MP: 6/8
  1701 | D:2      | Reached skill level 4 in Unarmed Combat
  2989 | D:3      | Reached XP level 5. HP: 38/40 MP: 7/9
  3056 | D:3      | You fall into a shaft and drop 3 floors!
  3269 | D:6      | Noticed an ogre
  3278 | D:6      | Killed an ogre
  3278 | D:6      | Reached skill level 5 in Unarmed Combat
  3412 | D:5      | Entered Level 5 of the Dungeon
  3418 | D:5      | Reached XP level 6. HP: 47/47 MP: 10/10
  3995 | D:3      | Found a sacrificial altar of Ru.
  4348 | D:4      | Found Votweoge's Elemental Accessories.
  4389 | D:4      | Reached skill level 6 in Unarmed Combat
  4708 | D:4      | Your scales start taking on a dull iron-grey colour.
  4708 | D:4      | Reached XP level 7. HP: 45/52 MP: 7/11
  4708 | D:4      | Gained mutation: You can survive without breathing. [Grey
                  | Draconian growth]
  5153 | D:5      | Reached skill level 7 in Unarmed Combat
  5215 | D:5      | Found a staircase to the Ecumenical Temple.
  5236 | D:5      | Reached skill level 5 in Transmutations
  5263 | Temple   | Entered the Ecumenical Temple
  5425 | Temple   | Became a worshipper of Uskayaw the Reveler
  5501 | D:5      | Reached * piety under Uskayaw
  5559 | D:5      | Reached ** piety under Uskayaw
  6059 | D:6      | Reached *** piety under Uskayaw
  6065 | D:6      | Reached **** piety under Uskayaw
  6302 | D:6      | Reached XP level 8. HP: 59/59 MP: 10/12
  6308 | D:6      | Reached skill level 8 in Unarmed Combat
  6473 | D:6      | Found a runed translucent door.
  6473 | D:6      | Noticed Borgoz's ghost (novice GrBe)
  7011 | D:7      | Noticed a hippogriff
  7013 | D:7      | Noticed Menkaure
  7505 | D:7      | Killed a hippogriff
  7505 | D:7      | Reached skill level 9 in Unarmed Combat
  7991 | D:6      | Learned a level 5 spell: Blade Hands
  8203 | D:7      | Identified the +1 leather armour of Beauty {rN+ Int+3}
  8210 | D:7      | Demolished by an ogre

Levels and vault maps discovered:
D:1:      ncdulo_lavacross, layout_basic
D:2:      layout_rooms, first_ration
D:3:      layout_loops_corners, nicolae_ru_path_of_blood
D:4:      minmay_general_purpose_star, layout_basic, nicolae_elemental_shop
D:5:      layout_gridville, minmay_temple_entry_butterflies,
          minmay_misc_feat_square, grunt_ministairs_10, minmay_misc_feat_x,
          item_on_display_a
D:6:      layout_loops_corners, gammafunk_ghost_grave
D:7:      layout_rooms, uniq_menkaure
Temple:   kilobyte_greek_temple

Skill      XL: |  1  2  3  4  5  6  7  8 |
---------------+-------------------------+-----
Spellcasting   | 3 |  3.0
Unarmed Combat | 4 5 6 7 9 |  9.8
Transmutations | 3 4 5 6 |  6.8
Fighting       | |  1.1
Dodging        | |  1.7

Action                   |  1- 3 |  4- 6 |  7- 9 || total
-------------------------+-------+-------+-------++-------
Melee: Unarmed           |   116 |   223 |   223 ||   562
       Tailslap          |    14 |    12 |    17 ||    43
       Kick              |     6 |       |       ||     6
       Headbutt          |     5 |    20 |     6 ||    31
       Punch             |       |     2 |     6 ||     8
 Cast: Beastly Appendage |    16 |    18 |    10 ||    44
       Sticks to Snakes  |     1 |     5 |       ||     6
       Spider Form       |       |     6 |     7 ||    13
Invok: Line Pass         |       |       |     1 ||     1
  Use: Scroll            |     4 |     9 |     6 ||    19
       Potion            |       |       |     1 ||     1
 Stab: Sleeping          |     2 |     1 |     2 ||     5
       Paralysed         |       |       |     5 ||     5
  Eat: Chunk             |     2 |    11 |    11 ||    24
       Ration            |       |       |     1 ||     1
Armor: Skin              |    28 |    75 |    77 ||   180
Dodge: Dodged            |    82 |   148 |   173 ||   403
       Deflected         |       |       |     1 ||     1

Table legend:
 A = Non-vault XP
 B = Vault XP
 C = Vault XP percentage of total XP
 D = Non-vault monster count
 E = Vault monster count
 F = Vault count percentage of total count
                 A         B        C        D         E       F
            +---------+---------+-------+---------+---------+-------
      Total |    2664 |      87 |   3.2 |     154 |       3 |   1.9
            +---------+---------+-------+---------+---------+-------
        D:1 |      53 |       0 |   0.0 |      28 |       0 |   0.0
        D:2 |      75 |       0 |   0.0 |      24 |       0 |   0.0
        D:3 |     205 |       0 |   0.0 |      34 |       0 |   0.0
        D:4 |     199 |      87 |  30.4 |      12 |       3 |  20.0
        D:5 |     475 |       0 |   0.0 |      13 |       0 |   0.0
        D:6 |     726 |       0 |   0.0 |      24 |       0 |   0.0
        D:7 |     931 |       0 |   0.0 |      19 |       0 |   0.0
            +---------+---------+-------+---------+---------+-------
